General information
- name: BNet
- type: Ladder 1vs1/FFA
- host: Battle.net
- saver: Rush[yyz]
map: TwistedMeadows
- players: 2
- length: 23:46
- speed: Fast
- version: 1.23 W3XP
- replay type: Public
» download(89 KB)
Players
team 1 (winner)

»
Rush[yyz] (
red | 110 APM | 2605 actions | 23:46)
6 Death Knight
3 Death Coil
3 Unholy Aura
2 Naga Sea Witch
1 Frost Arrows
1 Forked Lightning
3 Lich
2 Frost Nova
1 Frost Armor
» actions
| Assign group hotkey | 64 | |
| Basic commands | 125 | |
| Build / train | 68 | |
| Enter build submenu | 16 | |
| Enter hero's abilities submenu | 11 | |
| Give item / drop item | 4 | |
| Remove unit from queue | 4 | |
| Right click | 1072 | |
| Select / deselect | 432 | |
| Select group hotkey | 687 | |
| Use ability | 122 | |
2605 total
» units
| Acolyte | 2 | |
| Ghoul | 2 | |
| Crypt Fiend | 10 | |
| Obsidian Statue | 3 | |
| Abomination | 3 | |
| Meatwagon | 2 | |
22 total
» upgrades
| Creature Attack | 2 | |
| Burrow | 1 | |
| Destroyer Form | 0 | |
| Disease Cloud | 1 | |
| Unholy Strength | 1 | |
5 total
» buildings
| Graveyard | 1 | |
| Crypt | 1 | |
| Altar of Darkness | 1 | |
| Ziggurat | 8 | |
| Tomb of Relics | 2 | |
| Halls of the Dead | 2 | |
| Black Citadel | 1 | |
| Nerubian Tower | 1 | |
| Slaughterhouse | 1 | |
18 total
» build order
00:08 Graveyard
00:11 Crypt
00:41 Altar of Darkness
00:58 Ziggurat
01:23 Tomb of Relics
02:00 Ziggurat
03:31 Halls of the Dead
03:31 Halls of the Dead
04:28 Ziggurat
06:47 Black Citadel
07:29 Nerubian Tower
07:44 Slaughterhouse
09:58 Ziggurat
12:58 Ziggurat
13:00 Ziggurat
15:22 Tomb of Relics
18:39 Ziggurat
19:51 Ziggurat
» items
| Rod of Necromancy | 5 | |
| Dust of Appearance | 1 | |
| Potion of Healing | 2 | |
| Potion of Mana | 1 | |
| Orb of Corruption | 1 | |
| Scroll of Town Portal | 2 | |
12 total
team 2 (loser)
lerequinsoul (
blue | 98 APM | 2322 actions | 23:44)
5 Demon Hunter
3 Mana Burn
2 Immolation
4 Dark Ranger
2 Black Arrow
2 Silence
» actions
| Assign group hotkey | 36 | |
| Build / train | 82 | |
| Enter build submenu | 16 | |
| Enter hero's abilities submenu | 10 | |
| Give item / drop item | 4 | |
| Remove unit from queue | 2 | |
| Right click | 1109 | |
| Select / deselect | 457 | |
| Select group hotkey | 472 | |
| Use ability | 134 | |
2322 total
» units
| Wisp | 19 | |
| Archer | 8 | |
| Dryad | 6 | |
| Druid of the Claw | 8 | |
41 total
» upgrades
| Improved Bows | 0 | |
| Abolish Magic | 1 | |
| Druid of the Claw Training | 2 | |
| Well Spring | 1 | |
| Mark of the Claw | 1 | |
| Strength of the Wild | 2 | |
7 total
» buildings
| Altar of Elders | 1 | |
| Moon Well | 7 | |
| Ancient of War | 1 | |
| Ancient of Wonders | 1 | |
| Tree of Ages | 1 | |
| Hunter's Hall | 1 | |
| Ancient of Lore | 2 | |
| Tree of Eternity | 1 | |
| Tree of Life | 1 | |
16 total
» build order
00:07 Altar of Elders
00:21 Moon Well
00:36 Ancient of War
01:55 Moon Well
02:01 Ancient of Wonders
03:00 Tree of Ages
03:19 Moon Well
04:18 Hunter's Hall
04:42 Moon Well
05:58 Ancient of Lore
06:00 Ancient of Lore
07:25 Tree of Eternity
08:55 Moon Well
12:55 Moon Well
13:27 Tree of Life
18:31 Moon Well
» items
| Staff of Preservation | 2 | |
| Moonstone | 1 | |
| Potion of Healing | 5 | |
| Scroll of Town Portal | 2 | |
| Scroll of Protection | 1 | |
| Potion of Lesser Invulnerability | 2 | |
| Scroll of Healing | 2 | |
15 total
Chat log
(23:36 / All) lerequinsoul: lol
(23:41 / All) lerequinsoul: been so unlucky